 Dungeon Crawl Stone Soup version 0.29.0-4-gdea44cf6ec (webtiles) character file.

Game seed: 4274654123366576559

32 qw the Ruffian (level 3, -1/28 HPs)
             Began as a Ghoul Fire Elementalist on Aug 30, 2022.
             Slain by a gnoll
             ... wielding a +0 halberd
              (14 damage)
             ... on level 2 of the Dungeon.
             The game lasted 00:01:22 (1497 turns).

qw the Ruffian (Ghoul Fire Elementalist)            Turns: 1497, Time: 00:01:23

Health: -1/28      AC:  5    Str: 13    XL:     3   Next: 25%
Magic:  4/4        EV: 10    Int: 10    God:
Gold:   78         SH:  0    Dex:  9    Spells: 4/5 levels left

rFire   . . .      SeeInvis .     - Unarmed
rCold   + . .      Faith    .   (no shield)
rNeg    + + +      Spirit   .   k - +0 ring mail
rPois   inf        Reflect  .   (no helmet)
rElec   .          Harm     .   (no cloak)
rCorr   .          Rampage  .   (no gloves)
Will    .....                   (no boots)
Stlth   +.........              (no amulet)
HPRegen 0.00/turn               (no ring)
MPRegen 0.09/turn               (no ring)

@: inhibited regen
A: claws 1, cold resistance 1, negative energy resistance 3, inhibited
regeneration, torment resistance 2, devour on kill
a: no special abilities


You were on level 2 of the Dungeon.
You visited 1 branch of the dungeon, and saw 2 of its levels.

You collected 78 gold pieces.


Innate Abilities, Weirdness & Mutations

You are immune to poison.
You have sharp fingernails.
Your flesh is cold resistant. (rC+)
You are immune to negative energy. (rN+++)
You do not regenerate when monsters are visible.
You are immune to unholy pain and torment.
You thrive by killing the living.


   Skills:
 - Level 1.0 Fighting
 - Level 1.7 Dodging
 - Level 2.1 Stealth
 + Level 2.7 Unarmed Combat
 - Level 1.7 Spellcasting
 - Level 0.7 Conjurations
 - Level 2.4 Fire Magic


You had 4 spell levels left.
You knew the following spells:

 Your Spells              Type           Power      Damage    Failure   Level
a - Foxfire               Conj/Fire      16%        2x1d4     36%         1

Your spell library contained the following spells:

 Spells                   Type           Power      Damage    Failure   Level
 Scorch                   Fire           10%        2d5       36%         2
 Conjure Flame            Conj/Fire      4%         6-21      73%         3
 Inner Flame              Hex/Fire       3%         N/A       78%         3
 Flame Wave               Conj/Fire      4%         2d5       98%         4

Inventory:

Armour
 k - a +0 ring mail (worn)
Jewellery
 a - a ring of willpower
Scrolls
 Y - a scroll of enchant armour
Potions
 b - a potion of mutation {unknown}
 c - a potion of lignification {unknown}
 f - a potion of flight {unknown}
 g - a potion of curing {unknown}
 h - a potion of degeneration {unknown}
 l - a potion of brilliance {unknown}

Dungeon Overview and Level Annotations

Branches:
Dungeon (2/15)

Altars:


Message History

You see here a quokka corpse.
A gnoll comes into view. It is wielding a +0 halberd.
1379 ||| Stepping ~*~*~tactically~*~*~ (hiding).
You start waiting.
Done waiting.
1481 ||| Stepping ~*~*~tactically~*~*~ (hiding).
You start waiting.
A gnoll is nearby!
The gnoll hits you with a +0 halberd!
You scratch the gnoll but do no damage. You barely miss the gnoll.
The gnoll barely misses you.
You closely miss the gnoll. The gnoll barely misses you.
You scratch the gnoll.
The gnoll is moderately wounded.
The gnoll closely misses you.
You barely miss the gnoll.
The gnoll is moderately wounded.
The gnoll barely misses you.
You closely miss the gnoll.
The gnoll is moderately wounded.
The gnoll hits you with a +0 halberd.
You scratch the gnoll.
The gnoll is severely wounded.
The gnoll barely misses you.
You scratch the gnoll.
The gnoll is severely wounded.
The gnoll barely misses you.
You scratch the gnoll but do no damage.
The gnoll is severely wounded.
The gnoll hits you with a +0 halberd.
You barely miss the gnoll.
The gnoll is severely wounded.
The gnoll hits you but does no damage.
You closely miss the gnoll.
The gnoll is severely wounded.
The gnoll hits you with a +0 halberd!
Ouch! That really hurt!
You die...

###############
#........%....#
...#####.###########.#
.........#### #.#
#...........# #.#
##.########.# #.# #.#
###.# #@# #...#
......g.# #.###
#######.# #.#
#.######.##
...>......#
#.######..# #.. ..#
#..# #.# #.# #..# #.#
#.# #..#


You could see a gnoll.

Vanquished Creatures
  A ball python (D:1)
  2 endoplasms
  2 giant cockroaches
  5 goblins
  3 hobgoblins
  2 quokkas
  3 bats (D:1)
  A frilled lizard (D:1)
  3 kobolds (D:1)
  7 rats
29 creatures vanquished.

Notes
Turn   | Place    | Note
-------+----------+-------------------------------------------
     0 | D:1      | qw the Ghoul Fire Elementalist began the quest for the Orb.
     0 | D:1      | Reached XP level 1. HP: 14/14 MP: 2/2
     0 | D:1      | 0 ||| qw: Version: 0.1-a-90-g952f4b7
     0 | D:1      | 0 ||| qw: Game counter: 4275
     0 | D:1      | 0 ||| qw: Always use a shield: true
     0 | D:1      | 0 ||| qw: God list: Okawaru
     0 | D:1      | 0 ||| qw: Allow faded altars: false
     0 | D:1      | 0 ||| qw: Do Orc after D:15 true
     0 | D:1      | 0 ||| qw: Do second Lair branch before Depths: true
     0 | D:1      | 0 ||| qw: Lair rune preference: random
     0 | D:1      | 0 ||| qw: Plans: Normal
     0 | D:1      | 0 ||| PLANNING D:1-11
   201 | D:1      | 201 ||| Stepping ~*~*~tactically~*~*~ (stealth).
   205 | D:1      | Reached skill level 1 in Unarmed Combat
   274 | D:1      | Reached XP level 2. HP: 18/22 MP: 3/3
   343 | D:1      | Reached skill level 1 in Fighting
   453 | D:1      | 453 ||| Stepping ~*~*~tactically~*~*~ (stealth).
   551 | D:1      | 551 ||| Stepping ~*~*~tactically~*~*~ (outnumbered).
   801 | D:1      | Found a faded altar of an unknown god.
  1144 | D:1      | 1144 ||| UPGRADING to +0 leather armour.
  1154 | D:1      | 1154 ||| DROPPING +0 robe.
  1155 | D:1      | 1155 ||| UPGRADING to +0 ring mail.
  1165 | D:1      | 1165 ||| DROPPING +0 leather armour.
  1166 | D:1      | 1166 ||| READING scroll labelled SAYNKO XOMAISA.
  1167 | D:1      | 1167 ||| READING 2 scrolls labelled TIOJUM RYJUGO.
  1168 | D:1      | 1168 ||| READING 2 scrolls labelled IFEIGU OBICOI.
  1169 | D:1      | 1169 ||| DROPPING potion of magic.
  1170 | D:1      | 1170 ||| DROPPING scroll of noise.
  1237 | D:2      | Reached XP level 3. HP: 28/28 MP: 4/4
  1296 | D:2      | 1296 ||| Stepping ~*~*~tactically~*~*~ (stealth).
  1379 | D:2      | 1379 ||| Stepping ~*~*~tactically~*~*~ (hiding).
  1481 | D:2      | 1481 ||| Stepping ~*~*~tactically~*~*~ (hiding).
  1497 | D:2      | Slain by a gnoll

Levels and vault maps discovered:
D:1:      amcnicky_arrival_wind_blow, layout_basic,
          shapermc_ecumenical_altar_ellora
D:2:      layout_loops_ring, serial_shops,
          nicolae_shop_temple_entry_statues_fountains, dk_noncrumbling_3

Skill      XL: |  1  2 |
---------------+-------+-----
Unarmed Combat | 1 2 |  2.7
Fighting       | 1 |  1.0
Dodging        | |  1.7
Stealth        | |  2.1
Spellcasting   | |  1.7
Conjurations   | |  0.7
Fire Magic     | |  2.4

Action                   || total
-------------------------++-------
Melee: Unarmed           ||   121
       Punch             ||     1
  Use: Scroll            ||     3
Armor: Robe              ||    18
       Ring mail         ||     8
Dodge: Dodged            ||    55

Table legend:
 A = Non-vault XP
 B = Vault XP
 C = Vault XP percentage of total XP
 D = Non-vault monster count
 E = Vault monster count
 F = Vault count percentage of total count
                 A         B        C        D         E       F
            +---------+---------+-------+---------+---------+-------
      Total |      46 |       0 |   0.0 |      29 |       0 |   0.0
            +---------+---------+-------+---------+---------+-------
        D:1 |      31 |       0 |   0.0 |      20 |       0 |   0.0
        D:2 |      15 |       0 |   0.0 |       9 |       0 |   0.0
            +---------+---------+-------+---------+---------+-------
